 Dungeon Crawl Stone Soup version 0.19-a0-475-gfca3800 (webtiles) character file.

41 namelastname112 the Grave Robber (level 3, -3/20 HPs)
             Began as a Tengu Necromancer on June 4, 2016.
             Slain by Sigmund
             ... wielding a +0 scythe
              (10 damage)
             ... on level 2 of the Dungeon.
             The game lasted 00:02:01 (1285 turns).

namelastname112 the Grave Robber (TeNe)             Turns: 1285, Time: 00:02:02

Health: -3/20      AC:  5    Str:  9    XL:     3   Next: 52%
Magic:  1/8        EV: 13    Int: 15    God:
Gold:   53         SH:  0    Dex: 14    Spells: 3 memorised, 2 levels left

rFire  + . .     SeeInvis .     e - +0 whip (curse)
rCold  . . .     Gourm    .     i - +2 robe {rF+}
rNeg   . . .     Faith    .     (no shield)
rPois  .         Spirit   .     (helmet restricted)
rElec  .         Dismiss  .     (no cloak)
rCorr  .         Reflect  .     f - +0 pair of gloves (curse)
SustAt .         Harm     .     (boots unavailable)
MR     .....                    (no amulet)
Stlth  +.........               (no ring)
                                (no ring)

@: confused, not resistant to hostile enchantments, very unstealthy
A: beak, talons 3
a: no special abilities


You were on level 2 of the Dungeon.
You were hungry.

You visited 1 branch of the dungeon, and saw 2 of its levels.

You collected 53 gold pieces.

Inventory:

Hand Weapons
 e - a cursed +0 whip (weapon)
 h - a +0 dagger
Armour
 f - a cursed +0 pair of gloves (worn)
 i - a +2 robe of fire resistance (worn)
Scrolls
 a - a scroll of enchant weapon {unknown}
 d - 3 scrolls of identify {unknown}
 g - a scroll of remove curse {unknown}
Potions
 j - a potion of berserk rage {unknown}
 k - a potion of flight {unknown}
 l - a potion of lignification {unknown}
 m - a potion of might {unknown}
Books
 b - a book of Necromancy

   Spells                             Type                      Level
   a - Pain                           Necromancy                   1
   b - Animate Skeleton               Necromancy                   1
   c - Vampiric Draining              Necromancy                   3
   d - Regeneration                   Charms/Necromancy            3
   e - Animate Dead                   Necromancy                   4
   f - Control Undead                 Necromancy                   4
Comestibles
 c - 2 bread rations


   Skills:
 + Level 0.4 Fighting
 + Level 2.4 Dodging
 - Level 2.0 Stealth
 + Level 2.7 Spellcasting
 * Level 4.9 Necromancy


You had 2 spell levels left.
You knew the following spells:

 Your Spells              Type           Power        Failure   Level  Hunger
a - Animate Skeleton      Necr           N/A          2%          1    #......
s - Vampiric Draining     Necr           ###.......   10%         3    ###....
z - Pain                  Necr           ###.         2%          1    #......


Dungeon Overview and Level Annotations

Branches:
Dungeon (2/15)

Altars:

Annotations:
D:2 Sigmund


Innate Abilities, Weirdness & Mutations

You have a beak for a mouth.
You have claws for feet.


Message History

You are too confused!
Unknown command.
The jackal barely misses you.
You closely miss the jackal. Your kick misses the jackal. You peck the jackal.
The jackal is heavily wounded.
The jackal misses you.
The jackal bites you but does no damage.
Sigmund gestures wildly while chanting.
Sigmund flickers and vanishes!
Deactivating autopickup; reactivate with Ctrl-A.
The kobold misses you.
You closely miss the jackal. You peck the jackal, but do no damage.
The jackal is heavily wounded.
The jackal completely misses you. The kobold barely misses you.
You miss the jackal.
The jackal is heavily wounded.
The jackal barely misses you. The jackal bites you.
The kobold hits you but does no damage. Something hits you!
Ouch! That really hurt!
You die...

... #. #.## #..# ..
#........# #.## ....
.........# #.# .....
##.......###.###### ....
#.........).......
....####.......#..>...###
####...................#
........................#
...##....K@..#####......#
##...!...h(...####.######
......†..(....##.....#
#..).................#
###.......(...##.....#
##..........##........
#.......(.###.........
#..........##.....(..#
#.......)..##.<.....##


You could see a jackal and a kobold.

Vanquished Creatures
  A dart slug (D:2)
  2 giant geckos
  7 bats
  A giant cockroach (D:1)
  7 goblins
  2 hobgoblins
  A jackal (D:2)
  8 kobolds
  A ball python (D:2)
  A giant newt (D:2)
  A rat (D:1)
32 creatures vanquished.

Notes
Turn   | Place    | Note
--------------------------------------------------------------
     0 | D:1      | namelastname112 the Tengu Necromancer began the quest for the Orb.
     0 | D:1      | Reached XP level 1. HP: 10/10 MP: 4/4
    59 | D:1      | epen: ммм
    96 | D:1      | epen: классика
   119 | D:1      | jacquesderrida: TY CHE NAMIR
   121 | D:1      | Learned a level 1 spell: Animate Skeleton
   132 | D:1      | jacquesderrida: ZAH UMER????
   246 | D:1      | epen: там роба была
   271 | D:1      | epen: ох
   289 | D:1      | Reached XP level 2. HP: 5/15 MP: 4/6
   292 | D:1      | epen: не табай плс
   668 | D:1      | epen: бля
   709 | D:1      | epen: этот первый данж
   739 | D:1      | epen: перчатки
   746 | D:1      | epen: робы +2
   773 | D:1      | epen: ещё и сапоги
   916 | D:2      | Reached XP level 3. HP: 13/19 MP: 4/8
   940 | D:2      | Learned a level 3 spell: Vampiric Draining
  1278 | D:2      | Noticed Sigmund
  1285 | D:2      | Slain by Sigmund

Vault maps used:
D:1:      mainiacjoe_arrival_reflecting_pool
D:2:      nicolae_ru_the_path_less_chosen, first_bread, minmay_misc_feat_iff,
          uniq_sigmund

Action                   || total
-------------------------++-------
Melee: Whip              ||    23
       Peck              ||     4
       Kick              ||     2
 Cast: Pain              ||    50
       Animate Skeleton  ||     4
  Eat: Chunk             ||     1
Armor: Robe              ||    21
Dodge: Dodged            ||    49
